 Dungeon Crawl Stone Soup version 0.28-a0-722-gc0678643b6 (webtiles) character file.

Game seed: 3253319072802931987

100317 edvl the Unseen (level 15, -5/78 HPs)
             Began as a Spriggan Enchanter on Oct 24, 2021.
             Was the Champion of Dithmenos.
             Slain by a wolf spider (16 damage)
             ... on level 6 of the Lair of Beasts on Oct 25, 2021.
             The game lasted 01:16:43 (28335 turns).

edvl the Unseen (Spriggan Enchanter)               Turns: 28335, Time: 01:16:43

Health: -5/78      AC: 12    Str:  9    XL:     15   Next: 80%
Magic:  33/45      EV: 26    Int: 26    God:    Dithmenos [******]
Gold:   1160       SH:  0    Dex: 16    Spells: 32/46 levels left

rFire   . . .      SeeInvis +   o - +5 dagger "Voshrityff" {venom, rCorr}
rCold   . . .      Faith    .   (shield restricted)
rNeg    . . .      Spirit   .   e - +3 steam dragon scales
rPois   .          Reflect  .   S - +0 hat {Will+}
rElec   .          Harm     .   p - +3 cloak "Muocut" {+Blink Int+2}
rCorr   +          Rampage  .   (gloves unavailable)
Will    +++..                   (boots unavailable) Stlth ***+++++++
                                u - amulet of regeneration
HPRegen 1.23/turn               b - ring of magical power
MPRegen 0.29/turn               c - +6 ring of intelligence

@: slightly contaminated, wreathed by umbra, invisible, very quick
A: very small, no large weapons, unfitting armour, see invisible, speed 3
a: Renounce Religion, Evoke Blink, Shadow Step, Shadow Form


You were on level 6 of the Lair of Beasts.
You worshipped Dithmenos.
Dithmenos was exalted by your worship.
You visited 3 branches of the dungeon, and saw 22 of its levels.
You also visited: Gauntlet.

You collected 3657 gold pieces.
You spent 2497 gold pieces at shops.

Inventory:

Hand Weapons
 a - a +2 dagger of pain
 g - a +5 vampiric dagger
 o - the +5 dagger "Voshrityff" (weapon) {venom, rCorr}
   (You found it on level 11 of the Dungeon)

   It poisons the flesh of those it strikes.
   rCorr:     It protects you from acid and corrosion.
 y - a +3 short sword
 A - a +2 dagger of draining
Missiles
 d - 74 poisoned darts (quivered)
 l - 4 throwing nets
Armour
 e - +3 steam dragon scales (worn)
 i - the +1 cloak of Kindness {rC+ Will+ rCorr}
   (You found it on level 9 of the Dungeon)

   rC:        It protects you from cold.
   rCorr:     It protects you from acid and corrosion.
   Will:      It increases your willpower.
 p - the +3 cloak "Muocut" (worn) {+Blink Int+2}
   (You found it in a Gauntlet)

   Int:       It affects your intelligence (+2).
   +Blink:    It lets you blink.
 S - a +0 hat of willpower (worn)
Jewellery
 b - a ring of magical power (left hand)
 c - a +6 ring of intelligence (right hand)
 m - a ring of poison resistance
 r - an amulet of the acrobat
 u - an amulet of regeneration (around neck)
 w - a ring of protection from fire
 D - a ring of resist corrosion
 I - the amulet of Vuuzoekk {Spirit Rampage rC+ rN++ Str-3}
   (You bought it in a shop on level 11 of the Dungeon)

   [amulet of guardian spirit]

   It causes incoming damage to be divided between your reserves of health and
   magic.
   Str:       It affects your strength (-3).
   rC:        It protects you from cold.
   rN:        It greatly protects you from negative energy.
   Rampage:   It bestows one free step when moving towards enemies.
Wands
 h - a wand of polymorph (4)
 t - a wand of charming (25)
 L - a wand of digging (3)
 Q - a wand of acid (9)
 R - a wand of flame (7)
Scrolls
 f - 2 scrolls of immolation
 n - 19 scrolls of identify
 z - 2 scrolls of brand weapon
 B - a scroll of enchant weapon
 G - 7 scrolls of teleportation
 H - 4 scrolls of fear
 M - a scroll of amnesia
 O - a scroll of summoning
Potions
 j - 5 potions of lignification
 k - 4 potions of attraction
 q - 2 potions of cancellation
 s - a potion of invisibility
 v - 2 potions of ambrosia
 E - 2 potions of brilliance
 J - 2 potions of might
 K - 2 potions of curing
 N - 2 potions of haste
 P - a potion of heal wounds
Miscellaneous
 x - a phial of floods
 C - a tin of tremorstones (1/2)
 F - a box of beasts


   Skills:
 + Level 8.9 Fighting
 + Level 11.5 Short Blades
 + Level 14.0 Dodging
 + Level 19.6 Stealth
 + Level 16.0 Spellcasting
 + Level 16.2 Hexes


You had 32 spell levels left.
You knew the following spells:

 Your Spells              Type           Power      Damage    Failure   Level
a - Ensorcelled Hibernat  Hex/Ice        100%       N/A       1%          2
b - Tukima's Dance        Hex            81%        N/A       0%          3
c - Dazzling Flash        Conj/Hex       100%       N/A       1%          3
d - Invisibility          Hex            40%        N/A       1%          6

Your spell library contained the following spells:

 Spells                   Type           Power      Damage    Failure   Level
 Confusing Touch          Hex            81%        N/A       0%          3
 Cause Fear               Hex            40%        N/A       1%          4
 Fulminant Prism          Conj/Hex       29%        3d14      1%          4
 Apportation              Tloc           40%        N/A       2%          1
 Magic Dart               Conj           80%        1d7       2%          1
 Sandblast                Erth           40%        2d10      2%          1
 Silence                  Hex/Air        29%        N/A       2%          5
 Summon Mana Viper        Hex/Summ       58%        N/A       2%          5
 Call Imp                 Summ           20%        N/A       3%          2
 Passwall                 Tmut/Erth      16%        N/A       3%          2
 Frozen Ramparts          Ice            40%        1d6       8%          3
 Gell's Gravitas          Tloc           10%        N/A       8%          3
 Mephitic Cloud           Conj/Pois/Air  20%        N/A       8%          3
 Stone Arrow              Conj/Erth      40%        3d9       8%          3
 Teleport Other           Tloc           20%        N/A       8%          3
 Ice Form                 Ice/Tmut       20%        N/A       24%         4
 Iskenderun's Mystic Bla  Conj/Tloc      20%        2d6       24%         4
 Olgreb's Toxic Radiance  Pois           20%        N/A       24%         4
 Summon Ice Beast         Ice/Summ       20%        N/A       24%         4
 Agony                    Necr           20%        N/A       56%         5
 Alistair's Intoxication  Tmut/Pois      13%        N/A       56%         5
 Lee's Rapid Deconstruct  Erth           10%        3d9*      56%         5
 Dispersal                Tloc           10%        N/A       98%         6
 Dragon Form              Tmut           10%        N/A       100%        7
 Monstrous Menagerie      Summ           10%        N/A       100%        7
 Ozocubu's Refrigeration  Ice            10%        4d7       100%        7
 Ignition                 Fire           10%        3d5       100%        8
 Dragon's Call            Summ           10%        N/A       100%        9


Dungeon Overview and Level Annotations

Branches:
Dungeon (15/15)            Temple (1/1) D:7            Lair (6/6) D:11
 Shoals (0/4) Lair:3        Snake (0/4) Lair:3        Slime (0/5) Lair:6
    Orc (0/2) D:9          Vaults (0/5) D:14        Gauntlet (visited)
 Depths: D:15

Altars:
Ashenzari
Cheibriados
Dithmenos
Elyvilon
Fedhas
Hepliaklqana
Kikubaaqudgha
Makhleb
Nemelex Xobeh
Okawaru
Ru
Sif Muna
Trog
Uskayaw
Wu Jian
Xom
Yredelemnul
Zin
The Shining One
Jiyva

Shops:
D:4 ?   D:8 (   D:11 **   D:12 !

Annotations:
D:12 Azrael


Innate Abilities, Weirdness & Mutations

You are very small and have problems with some larger weapons.
You are too small for most types of armour.
You have supernaturally acute eyesight. (SInv)
You cover ground extremely quickly. (Speed+++)


Message History

Confirm with . or Enter, or press ? or * to list all spells.
Aiming: Ensorcelled Hibernation (safe; 1% risk of failure)
Press: ? - help, Shift-Dir - straight line, f/p - guardian serpent
Aim: a guardian serpent (umbra, chance to affect: 37%)
The guardian serpent easily resists.
You feel extremely sick. The guardian serpent hits you!
The wolf spider hits you but does no damage.
The wolf spider bites you but does no damage.
The guardian serpent completely misses you.
Unknown command.
Unknown command.
You feel better. The wolf spider completely misses you.
The wolf spider bites you!
You are poisoned.
The wolf spider poisons you! The guardian serpent barely misses you.
The wolf spider completely misses you.
The wolf spider bites you but does no damage.
Unknown command.
Okay, then.
Unknown command.
You feel better.
The guardian serpent completely misses you.
The wolf spider misses you.
The wolf spider bites you but does no damage.
The guardian serpent misses you.
Unknown command.
Casting: Ensorcelled Hibernation (safe; 1% risk of failure)
Confirm with . or Enter, or press ? or * to list all spells.
You fade into invisibility!
You are lightly contaminated with residual magic.
The wolf spider completely misses you. x2; The guardian serpent hits you!
The wolf spider closely misses you. The wolf spider bites you!
* * * LOW HITPOINT WARNING * * *
You are lethally poisoned!
The wolf spider poisons you!
You feel better. The guardian serpent hits you!
* * * LOW HITPOINT WARNING * * *
You emit a cloud of dark smoke.
The wolf spider hits you!
You die...

.........#####......###....P.....
....P..###..###.P#...!###..P.....
...P.###†..##.#..#†##...###......
...###....##..#..#!.##....###....
...#.....##†.##..##..##.....#....
...P....##...#...†#.. ##.........
.......##...##....##.. ##........
...PP.##....#..§§..#....##)......
....P##....##†$§@S.# ....##......
.....##....#†$([(s$.#....##......
......PPPP.##.####)##.P.P........
.|........PP########..P..........
..........†...†..................
.................................
...............................†.
.............†...................
.................................


You could see a wolf spider and a guardian serpent.

Vanquished Creatures
  Rupert (D:13)
  Jorgrun (D:12)
  Agnes (D:14)
  Kirke (D:12)
  An ettin (D:10)
  A boulder beetle (Lair:6)
  2 vault guards (D:14)
  An alligator (Lair:4)
  16 hydras
  3 centaur warriors
  8 two-headed ogres
  12 death yaks
  A death knight (D:12)
  Nergalle (D:12)
  A skeletal warrior (D:10)
  A goliath frog (Lair:4)
  3 swamp dragons (Lair:4)
  2 wizards (D:14)
  3 orc knights
  18 ugly things
  5 cyclopes
  6 manticores
  Joseph (D:7)
  11 elephants
  6 black mambas
  14 cane toads
  A kobold demonologist (D:11)
  A yaktaur (D:14)
  A rime drake (Lair:4)
  An efreet (D:13)
  An unseen horror (D:13)
  4 freezing wraiths
  9 komodo dragons
  3 trolls
  A wind drake (Lair:3)
  A tyrant leech (Lair:4)
  A hornet (shapeshifter) (D:10)
  A meliai (D:10)
  6 polar bears
  Prince Ribbit (D:5)
  3 hornets
  17 blink frogs
  16 slime creatures
  4 dream sheep (Lair:6)
  A centaur simulacrum (D:14)
  4 redbacks (Lair:6)
  3 vampires
  A yak (shapeshifter) (D:14)
  A shadow (D:11)
  47 yaks
  2 wraiths
  13 wyverns
  3 basilisks
  19 humans (D:14)
  3 steam dragons
  4 wargs
  5 swamp worms (Lair:4)
  4 acid dragons
  22 water moccasins
  A hell hound (D:12)
  A swamp drake (D:9)
  4 sky beasts
  A necrophage (D:7)
  7 orc warriors
  2 hornet zombies (D:7)
  6 wolves
  14 centaurs
  A phantom (D:5)
  A gnoll sergeant (D:10)
  14 bullfrogs
  5 scorpions
  6 killer bees
  5 wights
  2 howler monkeys
  A bullfrog zombie (D:5)
  Crazy Yiuf (D:7)
  2 centaur skeletons
  2 hounds (D:5)
  A jelly (D:7)
  11 orc priests
  7 centaur zombies
  4 iguanas
  Natasha (twice) (D:2)
  10 hell rats
  14 orc wizards
  4 killer bee zombies (D:7)
  A human simulacrum (D:14)
  A howler monkey zombie (D:9)
  Robin (D:2)
  4 gnolls (D:10)
  A howler monkey skeleton (D:6)
  7 adders
  A white imp (D:7)
  A worm (D:2)
  2 dart slugs
  21 orcs
  9 ball pythons
  2 bats
  15 endoplasms
  3 giant cockroaches
  16 hobgoblins
  4 kobolds
  2 quokkas (D:1)
  3 frilled lizards
  11 goblins
  8 rats
567 creatures vanquished.

Vanquished Creatures (collateral kills)
  A vault guard (D:14)
  A deep elf pyromancer (D:9)
  An elephant (Lair:5)
  An efreet (D:9)
  A freezing wraith (D:12)
  Sigmund (D:2)
  3 orc warriors
  2 gnoll sergeants
  8 wights
  2 orc priests (D:9)
  4 orc wizards
  6 gnolls (D:10)
  11 orcs
  A goblin (D:2)
43 creatures vanquished.

Vanquished Creatures (others)
  14 dancing weapons
  A centaur (D:13)
  A human simulacrum (D:14)
  18 demonic plants (Gauntlet)
  12 fungi
  21 plants
67 creatures vanquished.

Grand Total: 677 creatures vanquished

Notes
Turn   | Place    | Note
-------+----------+-------------------------------------------
     0 | D:1      | edvl the Spriggan Enchanter began the quest for the Orb.
     0 | D:1      | Reached XP level 1. HP: 9/9 MP: 5/5
   225 | D:2      | Found an ancient bone altar of Kikubaaqudgha.
   507 | D:2      | Reached XP level 2. HP: 8/13 MP: 7/7
   514 | D:2      | Learned a level 2 spell: Ensorcelled Hibernation
   915 | D:2      | Noticed Sigmund
  1408 | D:2      | Noticed Natasha
  1409 | D:2      | Noticed a crimson imp
  1446 | D:3      | Reached XP level 3. HP: 6/16 MP: 2/9
  1450 | D:3      | Learned a level 3 spell: Tukima's Dance
  1454 | D:3      | Learned a level 3 spell: Dazzling Flash
  2093 | D:3      | Reached XP level 4. HP: 9/21 MP: 6/11
  2262 | D:2      | You fall into a shaft and drop 1 floor!
  2316 | D:2      | Killed Sigmund
  2317 | D:2      | Reached skill level 5 in Spellcasting
  2317 | D:2      | Reached XP level 5. HP: 24/24 MP: 5/14
  2432 | D:2      | Killed Natasha
  2511 | D:2      | Noticed Robin
  2616 | D:2      | Killed Robin
  2617 | D:2      | Reached XP level 6. HP: 28/28 MP: 6/15
  2882 | D:2      | Noticed Natasha
  2897 | D:2      | Killed Natasha
  3308 | D:1      | Found a faded altar of an unknown god.
  4128 | D:1      | Reached skill level 5 in Stealth
  4537 | D:3      | Found a bloodstained altar of Trog.
  4798 | D:4      | Found Ikhlox Zor's Magic Scroll Shop.
  5071 | D:4      | Found a snail-covered altar of Cheibriados.
  5513 | D:5      | Entered Level 5 of the Dungeon
  5513 | D:5      | Noticed a sky beast
  5522 | D:5      | Killed a sky beast
  5523 | D:5      | Reached skill level 6 in Stealth
  5523 | D:5      | Reached XP level 7. HP: 32/32 MP: 13/17
  5785 | D:5      | Noticed a steam dragon
  5790 | D:5      | Killed a steam dragon
  5818 | D:5      | Noticed Prince Ribbit
  5842 | D:5      | Killed Prince Ribbit
  5843 | D:5      | Reached skill level 7 in Stealth
  6421 | D:5      | Reached XP level 8. HP: 21/36 MP: 18/20
  6553 | D:5      | Reached skill level 8 in Stealth
  6925 | D:5      | Found a hide-covered altar of Uskayaw.
  7089 | D:6      | Reached skill level 9 in Stealth
  7545 | D:6      | Found a sacrificial altar of Ru.
  7754 | D:6      | Noticed a two-headed ogre
  7771 | D:6      | Killed a two-headed ogre
  7772 | D:6      | Reached skill level 10 in Stealth
  7772 | D:6      | Reached XP level 9. HP: 39/39 MP: 12/23
  8265 | D:7      | Noticed Joseph
  8270 | D:7      | Killed Joseph
  8271 | D:7      | Reached skill level 11 in Stealth
  8271 | D:7      | Reached skill level 10 in Hexes
  8414 | D:7      | Reached skill level 10 in Spellcasting
  8479 | D:7      | Found a white marble altar of Elyvilon.
  8545 | D:7      | Found a basalt altar of Yredelemnul.
  9376 | D:7      | Reached skill level 12 in Stealth
  9388 | D:7      | Found a staircase to the Ecumenical Temple.
  9414 | Temple   | Entered the Ecumenical Temple
  9472 | Temple   | Became a worshipper of Dithmenos the Shadowed
  9622 | D:7      | Found a broken altar of Ashenzari.
  9810 | D:7      | Found a runed translucent door.
  9811 | D:7      | Noticed Crazy Yiuf
  9818 | D:7      | Killed Crazy Yiuf
 10109 | D:7      | Reached XP level 10. HP: 36/44 MP: 12/25
 10408 | D:8      | Reached skill level 1 in Fighting
 10480 | D:8      | Reached * piety under Dithmenos
 10897 | D:8      | Found Jipel's Antique Weapon Boutique.
 10991 | D:8      | Noticed a two-headed ogre
 11015 | D:8      | Killed a two-headed ogre
 11173 | D:9      | Noticed a two-headed ogre
 11189 | D:8      | Killed a two-headed ogre
 11190 | D:8      | Reached skill level 13 in Stealth
 11349 | D:9      | Reached skill level 5 in Dodging
 11612 | D:9      | Noticed a centaur warrior
 11614 | D:9      | Killed a centaur warrior
 11615 | D:9      | Reached XP level 11. HP: 51/51 MP: 27/27
 11637 | D:9      | Noticed a seven-headed hydra
 11640 | D:9      | Noticed a white ugly thing
 11643 | D:9      | Killed a seven-headed hydra
 11704 | D:9      | Killed a green ugly thing
 11795 | D:9      | Identified the +1 plate armour of Conscience {-Cast +Blink
                  | Regen+ rCorr Slay-2}
 11860 | D:9      | Reached ** piety under Dithmenos
 12119 | D:9      | Found a staircase to the Orcish Mines.
 12456 | D:9      | Noticed a green ugly thing
 12456 | D:9      | Noticed an eight-headed hydra
 12463 | D:9      | Killed an eight-headed hydra
 12466 | D:9      | Killed a green ugly thing
 12467 | D:9      | Reached skill level 5 in Short Blades
 12467 | D:9      | Reached skill level 14 in Stealth
 12504 | D:9      | Identified the +1 cloak of Kindness {rC+ Will+ rCorr}
 12710 | D:9      | Noticed a deep elf pyromancer
 12718 | D:9      | Killed a deep elf pyromancer
 13131 | D:10     | Entered Level 10 of the Dungeon
 13693 | D:10     | Found a runed translucent door.
 13702 | D:10     | Noticed a skeletal warrior
 13705 | D:10     | Killed a skeletal warrior
 13710 | D:10     | Noticed a centaur warrior
 13713 | D:10     | Killed a centaur warrior
 13721 | D:10     | Noticed an orc knight
 13721 | D:10     | Noticed an ettin
 13723 | D:10     | Killed an orc knight
 13725 | D:10     | Killed an ettin
 13832 | D:10     | Reached *** piety under Dithmenos
 14216 | D:11     | Found a staircase to the Lair.
 14217 | D:11     | Noticed a two-headed ogre
 14427 | D:11     | Found Atwafana's Assorted Antiques.
 14435 | D:11     | Bought a fizzy blue potion for 31 gold pieces
 14442 | D:11     | Killed a two-headed ogre
 14443 | D:11     | Reached XP level 12. HP: 58/58 MP: 29/29
 14513 | D:11     | Found Zin's Purification Station.
 14525 | D:11     | Found a glowing silver altar of Zin.
 15048 | D:11     | Reached skill level 15 in Stealth
 15223 | D:11     | Noticed a two-headed ogre
 15227 | D:11     | Killed a two-headed ogre
 15236 | D:11     | Noticed a two-headed ogre
 15636 | D:11     | Reached skill level 5 in Fighting
 15994 | D:11     | Reached **** piety under Dithmenos
 16142 | D:4      | Bought a scroll of acquirement for 624 gold pieces
 16147 | D:4      | Acquired 703 gold pieces
 16156 | D:4      | Bought a scroll of acquirement for 624 gold pieces
 16159 | D:4      | Acquired 1002 gold pieces
 16166 | D:4      | Bought a scroll of teleportation for 36 gold pieces
 16166 | D:4      | Bought a scroll of teleportation for 36 gold pieces
 16166 | D:4      | Bought a scroll of enchant armour for 90 gold pieces
 16332 | D:11     | Bought a transparent garnet amulet for 175 gold pieces
 16332 | D:11     | Identified the amulet of Vuuzoekk {Spirit Rampage rC+ rN++
                  | Str-3} (You bought it in a shop on level 11 of the Dungeon)
 16332 | D:11     | Bought a scroll of teleportation for 105 gold pieces
 16332 | D:11     | Bought a scroll of teleportation for 105 gold pieces
 16332 | D:11     | Bought 2 potions of might for 280 gold pieces
 16372 | D:11     | Noticed a two-headed ogre
 16384 | D:11     | Killed a two-headed ogre
 16386 | D:11     | Killed a two-headed ogre
 16625 | D:11     | Identified the +5 dagger "Voshrityff" {venom, rCorr}
 16630 | D:11     | Identified the +7 morningstar of Absolution {flame, Fly
                  | Will+ SInv}
 17046 | D:12     | Reached skill level 16 in Stealth
 17107 | D:12     | Reached XP level 13. HP: 65/65 MP: 31/31
 17141 | D:12     | Found Ebilot's Distillery.
 17146 | D:12     | Bought a potion of heal wounds for 85 gold pieces
 17146 | D:12     | Bought a potion of curing for 51 gold pieces
 17146 | D:12     | Bought a potion of heal wounds for 85 gold pieces
 17146 | D:12     | Bought a potion of heal wounds for 85 gold pieces
 17146 | D:12     | Bought a potion of heal wounds for 85 gold pieces
 17256 | D:12     | Noticed Nergalle
 17265 | D:12     | Killed Nergalle
 17302 | D:12     | Reached skill level 10 in Dodging
 17910 | D:12     | Noticed Kirke
 17914 | D:12     | Killed Kirke
 17920 | D:12     | Identified the +0 cloak of Vehumet's Hatred {Harm rF+}
 18108 | D:12     | Noticed Jorgrun
 18110 | D:12     | Killed Jorgrun
 18153 | D:12     | Noticed Azrael
 18234 | D:13     | Found a gate leading to a gauntlet.
 18313 | Gauntlet | Entered a Gauntlet
 18313 | Gauntlet | Found a transporter.
 18372 | Gauntlet | Found a transporter.
 18387 | Gauntlet | Found a transporter.
 18392 | Gauntlet | Found a transporter.
 18407 | Gauntlet | Found a transporter.
 18426 | Gauntlet | Found a transporter.
 18438 | Gauntlet | Found a transporter.
 18444 | Gauntlet | Found a transporter.
 18459 | Gauntlet | Found a transporter.
 18465 | Gauntlet | Found a transporter.
 18480 | Gauntlet | Found a transporter.
 18492 | Gauntlet | Found a transporter.
 18498 | Gauntlet | Found a transporter.
 18520 | Gauntlet | Found a transporter.
 18537 | Gauntlet | Found a transporter.
 18564 | Gauntlet | Found a transporter.
 18564 | Gauntlet | Found a transporter.
 18584 | Gauntlet | Found a transporter.
 18863 | Gauntlet | Identified the +3 cloak "Muocut" {+Blink Int+2}
 18949 | Gauntlet | Identified the +10 mace of Duarphij {drain, MP-9 Str+2
                  | Dex+6}
 18949 | Gauntlet | Noticed a minotaur
 18983 | Gauntlet | Identified the +5 mace of Hyshryb {vorpal, +Blink rC+
                  | Str-3}
 19725 | D:13     | Noticed Rupert
 19739 | D:13     | Killed Rupert
 19932 | D:13     | Reached skill level 17 in Stealth
 20055 | D:14     | Noticed Agnes
 20143 | D:14     | Killed Agnes
 20344 | D:14     | You fall into a shaft and drop 1 floor!
 20344 | D:15     | Entered Level 15 of the Dungeon
 20759 | D:14     | Reached XP level 14. HP: 72/72 MP: 33/33
 21107 | D:14     | Found a gate to the Vaults.
 22155 | Lair:1   | Entered Level 1 of the Lair of Beasts
 22275 | Lair:1   | Reached skill level 15 in Hexes
 23127 | Lair:2   | Reached skill level 10 in Short Blades
 23231 | Lair:2   | Reached skill level 18 in Stealth
 23914 | Lair:3   | Found a staircase to the Shoals.
 24531 | Lair:3   | Reached skill level 15 in Spellcasting
 24542 | Lair:3   | Reached ***** piety under Dithmenos
 24635 | Lair:3   | Found a staircase to the Snake Pit.
 25238 | Lair:4   | Reached XP level 15. HP: 47/77 MP: 35/35
 25596 | Lair:4   | Acquired 653 gold pieces
 26147 | Lair:4   | Identified the +6 spear "Awiluawy" {flame, Fragile rF+
                  | SInv}
 26683 | Lair:5   | Reached skill level 19 in Stealth
 27113 | Lair:6   | Entered Level 6 of the Lair of Beasts
 27113 | Lair:6   | Found a viscous altar of Jiyva.
 27114 | Lair:6   | Upgraded the game from 0.28-a0-704-g4d584c6bc1 to
                  | 0.28-a0-722-gc0678643b6
 27114 | Lair:6   | Found a staircase to the Slime Pits.
 27288 | Lair:6   | Learned a level 6 spell: Invisibility
 27750 | Lair:6   | Reached ****** piety under Dithmenos
 28322 | Lair:6   | Identified the +9 quarterstaff of Discretion {antimagic,
                  | rF+}
 28335 | Lair:6   | Slain by a wolf spider

Illustrated notes

Levels and vault maps discovered:
D:1:      lightli_arrival_farm, layout_loops_ring, basic_ecumenical_altar,
          amcnicky_mini_pool_small, minmay_tripent
D:2:      layout_basic, basic_altar, uniq_sigmund, uniq_robin, uniq_natasha
D:3:      layout_rooms, bloody_trog
D:4:      layout_cave_pods, lemuel_crystal_altar, serial_shops,
          nicolae_shop_trees
D:5:      layout_loops_cross, mainiacjoe_overflow_paths, uniq_prince_ribbit1
D:6:      layout_loops_ring, mainiacjoe_overflow_brackets,
          chequers_hall_statues_wall_a
D:7:      layout_cave_pools, ashenzari_conservatory_becter,
          nicolae_yredelemnul_corpse_copse, mainiacjoe_overflow_six_doors_small,
          minmay_temple_entry_stoned_glass, minmay_misc_feat_enclosed,
          uniq_crazy_yiuf_cottage, uniq_joseph
D:8:      layout_cave_pools, serial_shops, shop
D:9:      minmay_tri_box, layout_basic, erik_orc_1, hex_medium
D:10:     layout_stronghold, minivault_13
D:11:     minmay_the_grid_square_5x5_3x3 [minmay_the_grid_square_5x5_fat_x,
          minmay_the_grid_square_5x5_hollow_slash,
          minmay_the_grid_square_5x5_lines, minmay_the_grid_square_5x5_detours,
          minmay_the_grid_square_5x5_megaprize_open,
          minmay_the_grid_square_5x5_broken_cross,
          minmay_the_grid_square_5x5_six, minmay_the_grid_square_5x5_minibox,
          minmay_the_grid_square_5x5_tie], layout_long_grid,
          erik_lair_orcish_takeover, serial_shops, shop, zin_purify
D:12:     layout_stronghold, serial_shops, kennysheep_little_box, uniq_azrael,
          uniq_nergalle, uniq_jorgrun, uniq_kirke
D:13:     nzn_winding_woodlands_small [nzn_winding_woodlands_5x15_longhouse,
          nzn_winding_woodlands_center_triple_pond,
          nzn_winding_woodlands_5x15_default], layout_small_grid,
          gauntlet_entry_generic, uniq_rupert
D:14:     dragon1_lemuel, layout_stronghold, grunt_vaults_entry_tiered,
          minmay_misc_feat_ornament, bh_circular_ruins, uniq_agnes
D:15:     grunt_enter_depths_snipers, layout_irregular_city,
          nicolae_lava_and_water
Temple:   regret_index_temple_waves
Lair:1:   layout_big_grid, cheibrodos_lair_caveside_slide, grunt_megastairs_4
Lair:2:   layout_concentric_octagons
Lair:3:   layout_hall_layers, minmay_shoals_entry_beasts, dummy_snake_entry,
          grunt_megastairs_2
Lair:4:   onia_ninara_swampy_vault, layout_big_grid, beast_lair_carwin_10
Lair:5:   layout_roguey, infiniplex_staircase_pool_2, serial_bayou_shore_b,
          grunt_megastairs_3, serial_bayou_shore_b
Lair:6:   hangedman_lair_tendril_chambers, layout_regular_city,
          hangedman_lair_caniforms_friends, slime_altar_1

Skill      XL: |  1  2  3  4  5  6  7  8  9 10 11 12 13 14 15 |
---------------+----------------------------------------------+-----
Spellcasting   | 3 4 5 6 7 9 10 11 12 13 14 15 16 | 16.0
Hexes          | 4 6 7 9 10 11 12 13 14 15 16 | 16.2
Stealth        | 6 7 10 12 13 14 16 17 18 19 | 19.6
Dodging        | 3 5 8 9 11 12 14 | 14.0
Fighting       | 2 4 5 7 8 |  8.9
Short Blades   | 4 6 7 9 10 11 | 11.5

Action                   |  1- 3 |  4- 6 |  7- 9 | 10-12 | 13-15 || total
-------------------------+-------+-------+-------+-------+-------++-------
Melee: Dagger            |    89 |   143 |   286 |   550 |   934 ||  2002
       Short sword       |       |       |       |     5 |       ||     5
Throw: Dart              |       |       |       |       |     2 ||     2
 Cast: Ensorcelled Hiber |    17 |    18 |    58 |   111 |   258 ||   462
       Tukima's Dance    |       |     3 |     9 |    68 |    19 ||    99
       Dazzling Flash    |       |     1 |     1 |     7 |     6 ||    15
       Invisibility      |       |       |       |       |     6 ||     6
Invok: Shadow Step       |       |       |       |       |     7 ||     7
Evoke: Wand              |       |       |       |     5 |    20 ||    25
       Tin of tremorston |       |       |       |       |     5 ||     5
       Box of beasts     |       |       |       |       |     3 ||     3
       Phial of floods   |       |       |       |       |     2 ||     2
  Use: Scroll            |     2 |     8 |     7 |     8 |    18 ||    43
       Potion            |       |       |     5 |     5 |    11 ||    21
 Stab: Sleeping          |    18 |    25 |    44 |    93 |   198 ||   378
       Invisible         |       |     2 |     1 |     3 |    12 ||    18
       Distracted        |       |       |     1 |     3 |     7 ||    11
Armor: Robe              |     6 |    11 |    32 |       |       ||    49
       Steam dragon scal |       |       |    14 |   101 |   113 ||   228
Dodge: Dodged            |    74 |    96 |   285 |   523 |   915 ||  1893

Table legend: (Time is in decaauts)
 A = Elapsed time spent in this place.
 B = Non-inter-level travel time spent in this place.
 C = Inter-level travel time spent in this place.
 D = Time resting spent in this place.
 E = Time spent auto-exploring this place.
 F = Levels seen in this place.
 G = Mean time per level.
                   A        B        C        D        E       F      G
               +--------+--------+--------+--------+--------+-----+--------+
         Total |  21497 |  20790 |    707 |   4762 |  11115 |  23 |  934.7 |
       Dungeon |  16619 |  16079 |    540 |   4019 |   8480 |  15 | 1107.9 |
        Temple |    103 |     77 |     26 |     25 |     23 |   1 |  103.0 |
          Lair |   4323 |   4183 |    140 |    699 |   2390 |   6 |  720.5 |
      Gauntlet |    449 |    449 |      0 |     18 |    221 |   1 |  449.0 |
               +--------+--------+--------+--------+--------+-----+--------+

Top non-repeatable levels by time:
    D:11: 1883 daAuts
     D:2: 1824 daAuts
    D:14: 1496 daAuts
     D:6: 1430 daAuts
  Lair:4: 1364 daAuts
     D:9: 1287 daAuts
     D:5: 1286 daAuts
     D:1: 1097 daAuts
     D:8: 1090 daAuts
     D:3: 1012 daAuts
    D:10: 909 daAuts
    D:13: 887 daAuts
     D:7: 864 daAuts
    D:12: 813 daAuts
  Lair:6: 811 daAuts
